 Dungeon Crawl Stone Soup version 0.26-a0-661-g406de6ba63 (webtiles) character file.

Game seed: 4779545774935010572

630 jiml777 the Grasshopper (level 7, -2/56 HPs)
             Began as a Gnoll Warper on Oct 8, 2020.
             Slain by Eustachio
             ... wielding a +0 falchion
              (7 damage)
             ... on level 5 of the Dungeon.
             The game lasted 00:19:44 (4687 turns).

jiml777 the Grasshopper (Gnoll Warper)              Turns: 4687, Time: 00:19:45

Health: -2/56      AC:  8    Str: 13    XL:     7   Next: 48%
Magic:  15/15      EV: 14    Int: 17    God:
Gold:   173        SH:  0    Dex: 15    Spells: 12/17 levels left

rFire    . . .     SeeInvis .   k - +5 short sword (drain)
rCold    . . .     Faith    .   (no shield)
rNeg     . . .     Spirit   .   b - +1 leather armour
rPois    +         Reflect  .   o - +0 helmet
rElec    .         Harm     .   (no cloak)
rCorr    .         Rampage  .   j - +2 pair of gloves
MR       .....                  (no boots)
Stlth    +.........             (no amulet)
HPRegen  0.18/turn              w - ring of poison resistance
MPRegen  0.14/turn              (no ring)

@: berserk cooldown, slowed, glowing, lightly drained, very slow
A: distributed training, fangs 1, strong nose
a: no special abilities


You were on level 5 of the Dungeon.
You visited 1 branch of the dungeon, and saw 5 of its levels.
You also visited: Sewer.

You collected 173 gold pieces.

Inventory:

Hand Weapons
 a - a +0 spear
 k - a +5 short sword of draining (weapon)
Missiles
 e - 4 boomerangs of dispersal
 g - 21 sling bullets
 p - 69 arrows
 s - 34 poisoned darts (quivered)
 y - 20 bolts
Armour
 b - a +1 leather armour (worn)
 j - a +2 pair of gloves (worn)
 o - a +0 helmet (worn)
Jewellery
 w - a ring of poison resistance (left hand)
Scrolls
 d - a scroll of blinking
 f - 3 scrolls of magic mapping
 h - 5 scrolls of fear
 n - a scroll of amnesia {unknown}
 r - 2 scrolls of teleportation
Potions
 c - 7 potions of flight
 i - a potion of brilliance {unknown}
 l - a potion of heal wounds {unknown}
 m - a potion of cancellation {unknown}
 q - 2 potions of stabbing
 t - a potion of curing
 u - a potion of magic {unknown}
 v - a potion of berserk rage
 x - a potion of mutation {unknown}
 z - a potion of degeneration {unknown}


   Skills:
 + Level 5.2(4.7) Fighting
 + Level 2.5(2.0) Short Blades
 + Level 2.5(2.0) Long Blades
 + Level 2.5(2.0) Axes
 + Level 2.5(2.0) Maces & Flails
 + Level 5.2(4.7) Polearms
 + Level 2.5(2.0) Staves
 + Level 2.5(2.0) Slings
 + Level 2.5(2.0) Bows
 + Level 2.5(2.0) Crossbows
 + Level 3.6(3.1) Throwing
 + Level 3.6(3.1) Armour
 + Level 5.2(4.7) Dodging
 + Level 2.5(2.0) Stealth
 + Level 2.5(2.0) Shields
 + Level 2.5(2.0) Unarmed Combat
 + Level 5.6(5.1) Spellcasting
 + Level 2.0(1.6) Conjurations
 + Level 2.0(1.6) Hexes
 + Level 2.0(1.6) Summonings
 + Level 2.0(1.6) Necromancy
 + Level 5.8(5.3) Translocations
 + Level 2.0(1.6) Transmutations
 + Level 2.0(1.6) Fire Magic
 + Level 2.0(1.6) Ice Magic
 + Level 2.0(1.6) Air Magic
 + Level 2.0(1.6) Earth Magic
 + Level 2.0(1.6) Poison Magic
 + Level 2.8(2.3) Invocations
 + Level 2.5(2.0) Evocations


You had 12 spell levels left.
You knew the following spells:

 Your Spells              Type           Power        Failure   Level
a - Blink                 Tloc           N/A          3%          2
b - Teleport Other        Tloc           ###.....     6%          3

Your spell library contained the following spells:

 Spells                   Type           Power        Failure   Level
 Gell's Gravitas          Tloc           ###.......   6%          3
 Lesser Beckoning         Tloc           ###.......   6%          3
 Passage of Golubria      Tloc           N/A          21%         4


Dungeon Overview and Level Annotations

Branches:
Dungeon (5/15)              Sewer (visited)
 Temple: D:4-7

Altars:
Ru
Sif Muna
Yredelemnul
The Shining One

Annotations:
D:5 Eustachio, Grinder


Innate Abilities, Weirdness & Mutations

Your experience applies equally to all skills.
You have very sharp teeth.
Your uncanny sense of smell can sniff out nearby items.


Message History

You see here a frilled lizard corpse.
You feel a strong urge to attack something.
The rat misses you. The rat bites you but does no damage.
You puncture the rat!
You kill the rat!
The rat's corpse disappears in a puff of smoke!
You are no longer berserk.
You are exhausted.
You feel yourself slow down. The rat bites you but does no damage.
Eustachio gestures wildly while chanting.
Eustachio blinks!
The shadow imp gestures at you. Pain shoots through your body!
* * * LOW HITPOINT WARNING * * *
The shadow imp hits you but does no damage.
Grinder closely misses you.
The iron imp shouts, "Run away, thou quaking fen-sucked prigger-of-prances!"
Eustachio hits you but does no damage. Eustachio hits you with a +0 falchion!
You die...

. .. .... . ..... ∆
..##
..(...########.....
.....5..55.@....#
.....5.#r##@####..#
......##.#.(##...#
......5.5†5....#
##.###.#<#.#.....
#.....#.#)#.###.
##......#.#
#.........#
..........#.....


You could see Eustachio (resistant), Grinder, an iron imp (summoned), 3 shadow
imps and a rat (summoned).

Vanquished Creatures
  Duvessa (D:5)
  An ogre (D:4)
  Dowan (D:5)
  2 orc priests (D:4)
  2 orc wizards (D:4)
  Jessica (D:3)
  2 river rats (Sewer)
  6 adders
  An ufetubus (D:5)
  4 oozes
  An adder skeleton (D:4)
  7 worms
  2 dart slugs
  6 leopard geckos
  10 orcs
  4 ball pythons
  10 giant cockroaches
  9 goblins
  3 hobgoblins
  9 jackals
  A quokka (D:4)
  6 bats
  8 frilled lizards
  2 jackal skeletons (D:4)
  A jackal zombie (D:5)
  14 kobolds
  10 rats
124 creatures vanquished.

Notes
Turn   | Place    | Note
-------+----------+-------------------------------------------
     0 | D:1      | jiml777 the Gnoll Warper began the quest for the Orb.
     0 | D:1      | Reached XP level 1. HP: 20/20 MP: 6/6
   207 | D:1      | Reached XP level 2. HP: 15/26 MP: 7/7
   728 | D:1      | Reached XP level 3. HP: 31/31 MP: 9/9
   815 | D:1      | Reached skill level 5 in Spellcasting
  1113 | D:2      | Found a basalt altar of Yredelemnul.
  1238 | D:2      | Reached skill level 1 in Invocations
  1356 | D:2      | Reached skill level 1 in Short Blades
  1356 | D:2      | Reached skill level 1 in Long Blades
  1356 | D:2      | Reached skill level 1 in Axes
  1356 | D:2      | Reached skill level 1 in Maces & Flails
  1356 | D:2      | Reached skill level 1 in Staves
  1356 | D:2      | Reached skill level 1 in Slings
  1356 | D:2      | Reached skill level 1 in Bows
  1356 | D:2      | Reached skill level 1 in Crossbows
  1356 | D:2      | Reached skill level 1 in Stealth
  1356 | D:2      | Reached skill level 1 in Shields
  1356 | D:2      | Reached skill level 1 in Unarmed Combat
  1356 | D:2      | Reached skill level 1 in Evocations
  1433 | D:2      | Reached XP level 4. HP: 37/38 MP: 11/11
  1674 | D:2      | Found a sacrificial altar of Ru.
  1675 | D:2      | Found a glowing golden altar of the Shining One.
  1995 | D:3      | Found a glowing drain.
  2004 | D:3      | Reached skill level 1 in Conjurations
  2004 | D:3      | Reached skill level 1 in Hexes
  2004 | D:3      | Reached skill level 1 in Summonings
  2004 | D:3      | Reached skill level 1 in Necromancy
  2004 | D:3      | Reached skill level 1 in Transmutations
  2004 | D:3      | Reached skill level 1 in Fire Magic
  2004 | D:3      | Reached skill level 1 in Ice Magic
  2004 | D:3      | Reached skill level 1 in Air Magic
  2004 | D:3      | Reached skill level 1 in Earth Magic
  2004 | D:3      | Reached skill level 1 in Poison Magic
  2094 | Sewer    | Entered a sewer
  2137 | Sewer    | Reached XP level 5. HP: 33/43 MP: 12/12
  2687 | D:3      | Noticed Jessica
  2704 | D:3      | Killed Jessica
  3000 | D:3      | Reached XP level 6. HP: 50/50 MP: 13/13
  3151 | D:3      | Learned a level 2 spell: Blink
  3155 | D:3      | Learned a level 3 spell: Teleport Other
  3731 | D:4      | Reached skill level 5 in Fighting
  3731 | D:4      | Reached skill level 5 in Polearms
  3731 | D:4      | Reached skill level 5 in Dodging
  4381 | D:4      | Found a shimmering blue altar of Sif Muna.
  4578 | D:4      | Reached XP level 7. HP: 43/56 MP: 15/15
  4650 | D:5      | Entered Level 5 of the Dungeon
  4650 | D:5      | Noticed Dowan
  4651 | D:5      | Noticed Duvessa
  4670 | D:5      | Noticed Eustachio
  4671 | D:5      | Killed Duvessa
  4676 | D:5      | Killed Dowan
  4677 | D:5      | Noticed Grinder
  4687 | D:5      | Slain by Eustachio

Illustrated notes

Levels and vault maps discovered:
D:1:      minmay_arrival_stone_box, layout_loops_ring, st_stairs_11,
          kennysheep_boxes
D:2:      layout_loops_ring, lemuel_crystal_altar,
          chequers_temple_overflow_statue_of_worship
D:3:      layout_basic, portal_sewer_entry_f, minmay_misc_feat_more_columns,
          uniq_jessica
D:4:      layout_basic, old_standard_altar, minmay_crystal_water
D:5:      layout_rooms, minmay_temple_entry_enclosed_plants,
          sigmund_edmund_badplayer, uniq_duvessa, uniq_grinder, uniq_eustachio,
          uniq_sigmund

Skill      XL: |  1  2  3  4  5  6  7 |
---------------+----------------------+-----
Spellcasting   | 5 |  5.6
Invocations    | 1 2 |  2.8
Short Blades   | 1 2 |  2.5
Long Blades    | 1 2 |  2.5
Axes           | 1 2 |  2.5
Maces & Flails | 1 2 |  2.5
Staves         | 1 2 |  2.5
Slings         | 1 2 |  2.5
Bows           | 1 2 |  2.5
Crossbows      | 1 2 |  2.5
Stealth        | 1 2 |  2.5
Shields        | 1 2 |  2.5
Unarmed Combat | 1 2 |  2.5
Evocations     | 1 2 |  2.5
Conjurations   | 1 2 |  2.0
Hexes          | 1 2 |  2.0
Summonings     | 1 2 |  2.0
Necromancy     | 1 2 |  2.0
Transmutations | 1 2 |  2.0
Fire Magic     | 1 2 |  2.0
Ice Magic      | 1 2 |  2.0
Air Magic      | 1 2 |  2.0
Earth Magic    | 1 2 |  2.0
Poison Magic   | 1 2 |  2.0
Throwing       | 3 |  3.6
Armour         | 3 |  3.6
Fighting       | 5 |  5.2
Polearms       | 5 |  5.2
Dodging        | 5 |  5.2
Translocations | |  5.8

Action                   |  1- 3 |  4- 6 |  7- 9 || total
-------------------------+-------+-------+-------++-------
Melee: Spear             |    85 |       |       ||    85
       Bite              |    11 |    18 |     1 ||    30
       Short sword       |    31 |   253 |    21 ||   305
       Punch             |       |     1 |       ||     1
Throw: Dart              |       |    10 |       ||    10
       Boomerang         |       |     1 |       ||     1
  Use: Scroll            |       |    14 |       ||    14
       Potion            |       |     1 |     2 ||     3
 Stab: Sleeping          |     1 |     3 |       ||     4
Armor: Leather armour    |    31 |    55 |    16 ||   102
Dodge: Dodged            |    82 |   190 |    17 ||   289

Table legend: (Time is in decaauts)
 A = Elapsed time spent in this place.
 B = Non-inter-level travel time spent in this place.
 C = Inter-level travel time spent in this place.
 D = Time resting spent in this place.
 E = Time spent auto-exploring this place.
 F = Levels seen in this place.
 G = Mean time per level.
                   A        B        C        D        E       F      G
               +--------+--------+--------+--------+--------+-----+--------+
         Total |   4763 |   4684 |     79 |    587 |   2549 |   6 |  793.8 |
       Dungeon |   4174 |   4095 |     79 |    517 |   2480 |   5 |  834.8 |
         Sewer |    589 |    589 |      0 |     70 |     69 |   1 |  589.0 |
               +--------+--------+--------+--------+--------+-----+--------+

Top non-repeatable levels by time:
     D:3: 1326 daAuts
     D:1: 1101 daAuts
     D:4: 946 daAuts
     D:2: 766 daAuts
   Sewer: 589 daAuts
     D:5: 34 daAuts
